Maple Leafs vs Oilers
Created - May 16, 2023 at 21:10
Goals
|
Maple Leafs |
1 |
3 |
0 |
4 |
Oilers |
1 |
6 |
0 |
7 |
|
Shots
|
Maple Leafs |
10 |
13 |
13 |
36 |
Oilers |
10 |
16 |
7 |
33 |
|
1st period
1. Maple Leafs , Luke Schenn 6 (Brayden Schenn 49, Matt Duchene 51) at 12:32 (PP)
2. Oilers , Zach Hyman 2 (Dennis Everberg 4, Peter Mueller 11) at 16:01
Penalties :
Claude Giroux (Edm) for Hooking (Minor) at 3:50, Jake Gardiner (Edm) for Slashing (Minor) at 11:33, Zach Werenski (TOR) for Tripping (Minor) at 13:25
2nd period
3. Maple Leafs , Evander Kane 26 (Matt Duchene 52, Brayden Schenn 50) at 0:08
4. Oilers , Dalton Prout 3 (David Pastrnak 32, Ryan Nugent-Hopkins 37) at 7:19
5. Oilers , Ryan Getzlaf 8 (Leon Draisaitl 32) at 7:47
6. Maple Leafs , Brandon Saad 8 (Patrice Cormier 20, John Klingberg 52) at 11:48
7. Oilers , Claude Giroux 46 (Ryan Nugent-Hopkins 38, David Pastrnak 33) at 12:02
8. Oilers , David Pastrnak 22 (Brady Skjei 37, Jake Gardiner 27) at 12:23 (PP)
9. Maple Leafs , Bo Horvat 11 (Andre Burakovsky 46, Tye McGinn 24) at 16:31
10. Oilers , Ryan Nugent-Hopkins 23 (David Pastrnak 34) at 16:41
11. Oilers , Dennis Everberg 2 (Brady Skjei 38, Zach Hyman 11) at 17:59
Penalties :
Andre Burakovsky (TOR) for Roughing (Minor) at 1:15, Brayden Schenn (TOR) for Holding (Minor) at 12:09
3rd period
No Goal
Penalties :
Bo Horvat (TOR) for Holding (Minor) at 3:57, Elias Pettersson (TOR) for Hooking (Minor) at 8:11
Goalie Stats
Kristers Gudlevskis (TOR), 8 saves from 10 shots - (0.800), 27:37 minutes
Martin Jones (TOR), 18 saves from 23 shots - (0.783), L, 14-15-1, 32:23 minutes
James Reimer (Edm), 32 saves from 36 shots - (0.889), W, 33-26-6, 60:00 minutes
Players Stats for Maple Leafs
Player Name G A P +/- PIM S H SB GA TA FO MP PP MP PK MP
------------------------------------------------------------------------------------
Andre Burakovsky 0 1 1 1 2 2 4 0 1 0 1/3 16:27 0:49 2:18
Bo Horvat 1 0 1 1 2 2 1 1 0 2 7/7 15:53 0:49 1:40
Brad Boyes 0 0 0 0 0 0 1 0 0 0 0/0 11:27 0:00 0:00
Brandon Saad 1 0 1 -1 0 1 0 0 0 0 0/0 8:33 0:00 1:26
Brayden Schenn 0 2 2 -3 2 6 1 1 1 2 20/42 23:56 2:09 4:47
Brenden Dillon 0 0 0 -1 0 0 0 0 1 0 0/0 13:55 0:00 0:44
Brett Pesce 0 0 0 -1 0 0 0 1 0 0 0/0 13:11 0:00 0:00
Elias Pettersson 0 0 0 0 2 4 0 1 2 0 1/5 12:38 0:00 1:01
Evander Kane 1 0 1 -3 0 4 1 0 2 1 0/1 24:14 2:09 5:04
Jason Zucker 0 0 0 0 0 1 3 0 0 0 0/0 12:25 0:49 0:00
John Klingberg 0 1 1 -3 0 1 1 1 1 1 0/0 26:07 2:03 5:07
Jon Merrill 0 0 0 -3 0 3 3 1 1 2 0/0 26:07 2:03 5:07
Luke Schenn 1 0 1 1 0 1 0 1 0 0 0/0 20:42 0:55 3:03
Matt Duchene 0 2 2 -3 0 9 1 1 0 0 0/0 19:06 2:09 0:00
Patrice Cormier 0 1 1 -1 0 0 0 0 0 0 0/2 7:16 0:00 0:04
Pontus Aberg 0 0 0 -1 0 0 0 0 0 0 0/0 6:56 0:00 0:00
Tye McGinn 0 1 1 1 0 1 1 0 0 0 0/0 12:52 0:00 0:00
Zach Werenski 0 0 0 1 2 1 1 0 0 1 0/0 20:00 0:55 2:19
Players Stats for Oilers
Player Name G A P +/- PIM S H SB GA TA FO MP PP MP PK MP
------------------------------------------------------------------------------------
Brady Skjei 0 2 2 0 0 2 1 2 0 0 0/0 28:01 4:51 2:19
Cam Barker 0 0 0 2 0 1 2 2 1 0 0/0 18:53 3:19 0:39
Claude Giroux 1 0 1 2 2 4 1 0 0 1 1/1 20:29 3:10 0:42
Connor McDavid 0 0 0 -1 0 5 1 1 2 1 10/21 20:35 5:00 2:08
Dalton Prout 1 0 1 2 0 4 1 0 1 2 0/0 19:52 3:19 1:38
David Pastrnak 1 3 4 2 0 4 1 0 0 0 2/4 21:28 5:00 0:00
Dennis Everberg 1 1 2 1 0 1 0 0 0 1 0/0 8:48 0:00 0:00
Jake Gardiner 0 1 1 0 2 3 2 2 2 0 0/0 27:01 4:51 1:20
James Neal 0 0 0 1 0 1 0 0 1 0 0/1 10:55 0:00 0:36
Leon Draisaitl 0 1 1 -1 0 1 1 0 1 0 1/2 19:57 5:00 1:40
Mark Stone 0 0 0 1 0 1 1 0 0 0 0/0 10:09 0:00 0:00
Nick Bjugstad 0 0 0 -1 0 0 1 1 0 0 1/2 16:27 3:10 0:00
Peter Mueller 0 1 1 1 0 0 0 0 0 0 2/2 8:48 0:00 0:00
Ryan Getzlaf 1 0 1 1 0 1 2 0 0 0 4/5 10:09 0:00 0:00
Ryan Nugent-Hopkins 1 2 3 2 0 4 0 1 0 3 10/22 20:28 3:10 0:50
Tobias Enstrom 0 0 0 1 0 0 0 2 0 0 0/0 13:06 0:00 0:00
Trevor Daley 0 0 0 1 0 0 0 0 0 1 0/0 13:06 0:00 0:00
Zach Hyman 1 1 2 1 0 1 0 0 1 0 0/0 8:48 0:00 0:00
3 Stars
1 - David Pastrnak (Edm)
2 - Ryan Nugent-Hopkins (Edm)
3 - Dennis Everberg (Edm)
Power Play
Maple Leafs - 1 on 2 Attempt(s) - 50.00%
Oilers - 1 on 5 Attempt(s) - 20.00%
Penalty Kill
Maple Leafs - 4 on 5 Attempt(s) - 80.00%
- Score 0 goal in Penalty Kill
Oilers - 1 on 2 Attempt(s) - 50.00%
- Score 0 goal in Penalty Kill
Team Stat
Maple Leafs - Hits : 18 - Faceoff Wins : 29 - Blocked Shots : 8 - Penalty Minutes : 10
Oilers - Hits : 14 - Faceoff Wins : 31 - Blocked Shots : 11 - Penalty Minutes : 4
Official
Referees : Garrett Rank and Michael Markovic
Linesman : Bevan Mills and James Tobias
Game Notes
Kristers Gudlevskis enters game at 12:23 of 2nd period
Finance
Level 1 -- Attendance: 5430 (90.50%) -- Ticket Income $543,000
Level 2 -- Attendance: 4393 (87.86%) -- Ticket Income $263,580
Level 3 -- Attendance: 2000 (100.00%) -- Ticket Income $70,000
Level 4 -- Attendance: 3788 (94.70%) -- Ticket Income $94,700
Luxury Box -- Attendance: 927 (92.70%) -- Ticket Income $185,400
Game was played at the Rodgers Place.
Total Attendance: 16538 (91.88%)
Total Ticket Income: $1,156,680
Other Income: $173,502
Total Income: $1,330,182
Maple Leafs
5 vs 5 Forward
Center Left Wing Right Wing Time % Phy DF OF
1 Brayden Schenn Evander Kane Matt Duchene 40 0 2 3
2 Bo Horvat Tye McGinn Andre Burakovsky 30 1 2 2
3 Elias Pettersson Jason Zucker Brad Boyes 20 1 2 2
4 Patrice Cormier Brandon Saad Pontus Aberg 10 1 2 2
5 vs 5 Defense
Defense Defense Time % Phy DF OF
1 Jon Merrill John Klingberg 40 1 3 1
2 Luke Schenn Zach Werenski 30 1 3 1
3 Brenden Dillon Brett Pesce 20 1 3 1
4 Jon Merrill John Klingberg 10 1 3 1
PowerPlay Forward
Center Left Wing Right Wing Time % Phy DF OF
1 Brayden Schenn Evander Kane Matt Duchene 60 0 4 1
2 Bo Horvat Jason Zucker Andre Burakovsky 40 0 4 1
PowerPlay Defense
Defense Defense Time % Phy DF OF
1 Jon Merrill John Klingberg 60 0 2 3
2 Luke Schenn Zach Werenski 40 0 2 3
Penalty Kill 4 Players Forward
Center Wing Time % Phy DF OF
1 Brayden Schenn Evander Kane 60 1 3 1
2 Bo Horvat Andre Burakovsky 40 1 3 1
Penalty Kill 4 Players Defense
Defense Defense Time % Phy DF OF
1 Jon Merrill John Klingberg 60 1 4 0
2 Luke Schenn Zach Werenski 40 1 4 0
Penalty Kill - 3 Players Forward
Forward Time % Phy DF OF
1 Brayden Schenn 60 1 3 1
2 Bo Horvat 40 1 3 1
Penalty Kill - 3 Players Defense
Defense Defense Time % Phy DF OF
1 Jon Merrill John Klingberg 60 1 4 0
2 Luke Schenn Zach Werenski 40 1 4 0
4 vs 4 Forward
Center Wing Time % Phy DF OF
1 Brayden Schenn Evander Kane 60 1 2 2
2 Bo Horvat Andre Burakovsky 40 1 2 2
4 vs 4 Defense
Defense Defense Time % Phy DF OF
1 Jon Merrill John Klingberg 60 1 3 1
2 Luke Schenn Zach Werenski 40 1 3 1
Last Minutes Offensive
Center Left Wing Right Wing Defense Defense
Brayden Schenn Evander Kane Matt Duchene Jon Merrill John Klingberg
Last Minutes Defensive
Center Left Wing Right Wing Defense Defense
Brayden Schenn Evander Kane Matt Duchene Jon Merrill John Klingberg
Goaltenders
Starting : Martin Jones
Backup : Kristers Gudlevskis
Extra Forwards
Normal : Andre Burakovsky, Jason Zucker, Tye McGinn - PP : Andre Burakovsky, Jason Zucker - PK : Andre Burakovsky
Extra Defensemen
Normal : Zach Werenski, Brenden Dillon, Brett Pesce - PP : Zach Werenski - PK : Zach Werenski, Brenden Dillon
Penalty Shots
Matt Duchene, Evander Kane, Brayden Schenn, Bo Horvat, Andre Burakovsky
Scratches
Haydn Fleury (Broken Bone (Right Ankle) Injury)
Oilers
5 vs 5 Forward
Center Left Wing Right Wing Time % Phy DF OF
1 Ryan Nugent-Hopkins Claude Giroux David Pastrnak 40 1 2 2
2 Connor McDavid Leon Draisaitl Nick Bjugstad 30 1 2 2
3 Ryan Getzlaf James Neal Mark Stone 20 1 2 2
4 Peter Mueller Zach Hyman Dennis Everberg 10 1 2 2
5 vs 5 Defense
Defense Defense Time % Phy DF OF
1 Brady Skjei Jake Gardiner 40 1 2 2
2 Cam Barker Dalton Prout 30 1 2 2
3 Tobias Enstrom Trevor Daley 20 1 2 2
4 Brady Skjei Jake Gardiner 10 1 2 2
PowerPlay Forward
Center Left Wing Right Wing Time % Phy DF OF
1 Connor McDavid Leon Draisaitl David Pastrnak 60 1 2 2
2 Ryan Nugent-Hopkins Claude Giroux Nick Bjugstad 40 1 2 2
PowerPlay Defense
Defense Defense Time % Phy DF OF
1 Brady Skjei Jake Gardiner 60 1 2 2
2 Cam Barker Dalton Prout 40 1 2 2
Penalty Kill 4 Players Forward
Center Wing Time % Phy DF OF
1 Connor McDavid Claude Giroux 60 1 2 2
2 Ryan Nugent-Hopkins Leon Draisaitl 40 1 2 2
Penalty Kill 4 Players Defense
Defense Defense Time % Phy DF OF
1 Brady Skjei Jake Gardiner 60 1 2 2
2 Cam Barker Dalton Prout 40 1 2 2
Penalty Kill - 3 Players Forward
Forward Time % Phy DF OF
1 Connor McDavid 60 1 2 2
2 Ryan Nugent-Hopkins 40 1 2 2
Penalty Kill - 3 Players Defense
Defense Defense Time % Phy DF OF
1 Brady Skjei Jake Gardiner 60 1 2 2
2 Cam Barker Dalton Prout 40 1 2 2
4 vs 4 Forward
Center Wing Time % Phy DF OF
1 Connor McDavid Claude Giroux 60 1 2 2
2 Ryan Nugent-Hopkins Leon Draisaitl 40 1 2 2
4 vs 4 Defense
Defense Defense Time % Phy DF OF
1 Brady Skjei Jake Gardiner 60 1 2 2
2 Cam Barker Dalton Prout 40 1 2 2
Last Minutes Offensive
Center Left Wing Right Wing Defense Defense
Connor McDavid Claude Giroux David Pastrnak Brady Skjei Jake Gardiner
Last Minutes Defensive
Center Left Wing Right Wing Defense Defense
Connor McDavid Claude Giroux David Pastrnak Brady Skjei Jake Gardiner
Goaltenders
Starting : James Reimer
Backup : Jonas Hiller
Extra Forwards
Normal : Leon Draisaitl, Ryan Nugent-Hopkins, Ryan Getzlaf - PP : Leon Draisaitl, Ryan Nugent-Hopkins - PK : Leon Draisaitl
Extra Defensemen
Normal : Dalton Prout, Tobias Enstrom, Trevor Daley - PP : Dalton Prout - PK : Dalton Prout, Tobias Enstrom
Penalty Shots
Claude Giroux, Connor McDavid, David Pastrnak, Nick Bjugstad, Leon Draisaitl
Scratches
Marcus Pettersson (Healthy)
% Time on Ice - Maple Leafs
Lines # - Real PCT - Wanted PCT - Time Play
Normal Forward
1 - 35% - 40% - 17:12
2 - 27% - 30% - 13:17
3 - 23% - 20% - 11:27
4 - 14% - 10% - 6:56
Normal Defense
1 - 38% - 40% - 18:33
2 - 34% - 30% - 16:44
3 - 27% - 20% - 13:11
4 - 1% - 10% - 0:24
PP Forward
1 - 72% - 60% - 2:09
2 - 28% - 40% - 0:49
PP Defense
1 - 69% - 60% - 2:03
2 - 31% - 40% - 0:55
PK Forward
1 - 72% - 60% - 5:52
2 - 28% - 40% - 2:18
PK Defense
1 - 63% - 60% - 5:07
2 - 37% - 40% - 3:03
PK3 Forward
1 - 0% - 60%
2 - 0% - 40%
PK3 Defense
1 - 0% - 60%
2 - 0% - 40%
44 Forward
1 - 0% - 60%
2 - 0% - 40%
44 Defense
1 - 0% - 60%
2 - 0% - 40%
Last Minute Offensive - 0:00
Last Minute Defensive - 0:00
Total
Forward - 60:00
Defense - 60:00
|
% Time on Ice - Oilers
Lines # - Real PCT - Wanted PCT - Time Play
Normal Forward
1 - 34% - 40% - 16:38
2 - 27% - 30% - 13:17
3 - 21% - 20% - 10:09
4 - 18% - 10% - 8:48
Normal Defense
1 - 38% - 40% - 18:32
2 - 31% - 30% - 14:55
3 - 27% - 20% - 13:06
4 - 5% - 10% - 2:19
PP Forward
1 - 61% - 60% - 5:00
2 - 39% - 40% - 3:10
PP Defense
1 - 59% - 60% - 4:51
2 - 41% - 40% - 3:19
PK Forward
1 - 72% - 60% - 2:08
2 - 28% - 40% - 0:50
PK Defense
1 - 78% - 60% - 2:19
2 - 22% - 40% - 0:39
PK3 Forward
1 - 0% - 60%
2 - 0% - 40%
PK3 Defense
1 - 0% - 60%
2 - 0% - 40%
44 Forward
1 - 0% - 60%
2 - 0% - 40%
44 Defense
1 - 0% - 60%
2 - 0% - 40%
Last Minute Offensive - 0:00
Last Minute Defensive - 0:00
Total
Forward - 60:00
Defense - 60:00
|
Play-by-Play
1st period
0:01 of 1st period - Brayden Schenn wins face-off versus Ryan Nugent-Hopkins in neutral zone.
1:17 of 1st period - Wrist shot by Brad Boyes.
1:17 of 1st period - Shot Misses the Net.
2:07 of 1st period - Snap shot by David Pastrnak.
2:07 of 1st period - Stopped by Martin Jones without a rebound.
2:08 of 1st period - Connor McDavid wins face-off versus Brayden Schenn in Maple Leafs zone.
2:13 of 1st period - Snap shot by Connor McDavid.
2:13 of 1st period - Deflect By Leon Draisaitl.
2:13 of 1st period - Stopped by Martin Jones with a rebound.
2:23 of 1st period - Wrist shot by Connor McDavid.
2:23 of 1st period - Shot Misses the Net.
2:39 of 1st period - Snap shot by Jake Gardiner.
2:39 of 1st period - Shot Misses the Net.
2:41 of 1st period - Slapshot by Jake Gardiner.
2:41 of 1st period - Stopped by Martin Jones without a rebound.
2:42 of 1st period - Bo Horvat wins face-off versus Ryan Getzlaf in Maple Leafs zone.
3:33 of 1st period - Off-side.
3:34 of 1st period - Ryan Nugent-Hopkins wins face-off versus Elias Pettersson in neutral zone.
3:37 of 1st period - Snap shot by Ryan Nugent-Hopkins.
3:37 of 1st period - Stopped by Martin Jones with a rebound.
3:39 of 1st period - Snap shot by David Pastrnak.
3:39 of 1st period - Stopped by Martin Jones with a rebound.
3:50 of 1st period - Minor Penalty to Claude Giroux for Hooking.
3:51 of 1st period - Brayden Schenn wins face-off versus Connor McDavid in Oilers zone.
3:51 of 1st period - Slapshot by Matt Duchene.
3:51 of 1st period - Stopped by James Reimer with a rebound.
3:53 of 1st period - Snap shot by Evander Kane.
3:53 of 1st period - Stopped by James Reimer with a rebound.
3:55 of 1st period - Slapshot by Jon Merrill.
3:55 of 1st period - Shot Blocked by Connor McDavid.
3:57 of 1st period - Slapshot by Evander Kane.
3:57 of 1st period - Stopped by James Reimer without a rebound.
3:58 of 1st period - Connor McDavid wins face-off versus Brayden Schenn in Oilers zone.
4:27 of 1st period - Icing by John Klingberg.
4:28 of 1st period - Connor McDavid wins face-off versus Brayden Schenn in Maple Leafs zone.
4:55 of 1st period - Snap shot by Andre Burakovsky.
4:55 of 1st period - Shot Blocked by Cam Barker.
5:07 of 1st period - James Neal is hit by Jason Zucker and loses puck.
5:12 of 1st period - Slapshot by John Klingberg.
5:12 of 1st period - Shot Blocked by Brady Skjei.
5:14 of 1st period - Snap shot by Jon Merrill.
5:14 of 1st period - Stopped by James Reimer without a rebound.
5:15 of 1st period - Brayden Schenn wins face-off versus Connor McDavid in Oilers zone.
5:45 of 1st period - Icing by Zach Werenski.
5:46 of 1st period - Connor McDavid wins face-off versus Andre Burakovsky in Maple Leafs zone.
5:50 of 1st period - Penalty to Claude Giroux is over, Claude Giroux is back on ice.
6:16 of 1st period - Slapshot by Cam Barker.
6:16 of 1st period - Stopped by Martin Jones with a rebound.
6:46 of 1st period - Brad Boyes is hit by Mark Stone and loses puck.
6:51 of 1st period - Wrist shot by James Neal.
6:51 of 1st period - Shot Misses the Net.
7:55 of 1st period - Wrist shot by Ryan Nugent-Hopkins.
7:55 of 1st period - Stopped by Martin Jones with a rebound.
8:42 of 1st period - Snap shot by Connor McDavid.
8:42 of 1st period - Shot Misses the Net.
8:44 of 1st period - Wrist shot by Nick Bjugstad.
8:44 of 1st period - Shot Misses the Net.
9:49 of 1st period - Brady Skjei is hit by Jason Zucker and loses puck.
9:56 of 1st period - Luke Schenn is hit by Ryan Getzlaf and loses puck.
11:11 of 1st period - Wrist shot by Elias Pettersson.
11:11 of 1st period - Stopped by James Reimer without a rebound.
11:12 of 1st period - Ryan Getzlaf wins face-off versus Elias Pettersson in Oilers zone.
11:29 of 1st period - Snap shot by Elias Pettersson.
11:29 of 1st period - Stopped by James Reimer without a rebound.
11:30 of 1st period - Ryan Nugent-Hopkins wins face-off versus Brayden Schenn in Oilers zone.
11:30 of 1st period - Ryan Nugent-Hopkins is hit by Jon Merrill.
11:33 of 1st period - Minor Penalty to Jake Gardiner for Slashing.
11:34 of 1st period - Claude Giroux wins face-off versus Brayden Schenn in Oilers zone.
11:40 of 1st period - Wrist shot by Connor McDavid.
11:40 of 1st period - Stopped by Martin Jones with a rebound.
11:43 of 1st period - Icing by Jon Merrill.
11:44 of 1st period - Connor McDavid wins face-off versus Evander Kane in Maple Leafs zone.
11:45 of 1st period - Wrist shot by Claude Giroux.
11:45 of 1st period - Shot Misses the Net.
12:01 of 1st period - Wrist shot by Evander Kane.
12:01 of 1st period - Shot Misses the Net.
12:28 of 1st period - Wrist shot by Matt Duchene.
12:28 of 1st period - Shot Misses the Net.
12:30 of 1st period - Snap shot by Matt Duchene.
12:30 of 1st period - Deflect By Brayden Schenn.
12:30 of 1st period - Stopped by James Reimer with a rebound.
12:32 of 1st period - Slapshot by Luke Schenn.
12:32 of 1st period - Goal by Luke Schenn - Maple Leafs : 1 - Oilers : 0.
12:33 of 1st period - Bo Horvat wins face-off versus Ryan Nugent-Hopkins in neutral zone.
12:36 of 1st period - Ryan Nugent-Hopkins is hit by Andre Burakovsky.
12:42 of 1st period - Snap shot by Ryan Nugent-Hopkins.
12:42 of 1st period - Shot Blocked by John Klingberg.
13:00 of 1st period - Jake Gardiner is hit by Jon Merrill and loses puck.
13:23 of 1st period - Slapshot by Dennis Everberg.
13:23 of 1st period - Shot Blocked by Brayden Schenn.
13:25 of 1st period - Minor Penalty to Zach Werenski for Tripping.
13:26 of 1st period - Connor McDavid wins face-off versus Brayden Schenn in Maple Leafs zone.
13:42 of 1st period - Off-side.
13:43 of 1st period - Brayden Schenn wins face-off versus Connor McDavid in neutral zone.
13:46 of 1st period - Leon Draisaitl is hit by Brayden Schenn and loses puck.
14:55 of 1st period - Cam Barker is hit by John Klingberg and loses puck.
15:25 of 1st period - Penalty to Zach Werenski is over, Zach Werenski is back on ice.
15:38 of 1st period - Jason Zucker is hit by Jake Gardiner and loses puck.
15:57 of 1st period - Slapshot by Jake Gardiner.
15:57 of 1st period - Shot Misses the Net.
15:59 of 1st period - Slapshot by Jake Gardiner.
15:59 of 1st period - Stopped by Martin Jones without a rebound.
16:00 of 1st period - Peter Mueller wins face-off versus Patrice Cormier in Maple Leafs zone.
16:01 of 1st period - Wrist shot by Dennis Everberg.
16:01 of 1st period - Deflect By Zach Hyman.
16:01 of 1st period - Goal by Zach Hyman - Maple Leafs : 1 - Oilers : 1.
16:02 of 1st period - Brayden Schenn wins face-off versus David Pastrnak in neutral zone.
16:29 of 1st period - Jon Merrill is hit by Dalton Prout and loses puck.
16:36 of 1st period - Backhand shot by John Klingberg.
16:36 of 1st period - Shot Blocked by Nick Bjugstad.
16:38 of 1st period - Slapshot by Tye McGinn.
16:38 of 1st period - Stopped by James Reimer without a rebound.
16:39 of 1st period - Brayden Schenn wins face-off versus Nick Bjugstad in Oilers zone.
17:48 of 1st period - Snap shot by Brayden Schenn.
17:48 of 1st period - Stopped by James Reimer without a rebound.
17:49 of 1st period - Peter Mueller wins face-off versus Brayden Schenn in Oilers zone.
18:20 of 1st period - Wrist shot by David Pastrnak.
18:20 of 1st period - Shot Misses the Net.
18:22 of 1st period - Wrist shot by Ryan Nugent-Hopkins.
18:22 of 1st period - Shot Blocked by Jon Merrill.
Goals for this period are 1 for Maple Leafs vs 1 for Oilers.
Shots for this period are 10 for Maple Leafs vs 10 for Oilers.
2nd period
0:01 of 2nd period - Brayden Schenn wins face-off versus Ryan Nugent-Hopkins in neutral zone.
0:08 of 2nd period - Wrist shot by Matt Duchene.
0:08 of 2nd period - Deflect By Evander Kane.
0:08 of 2nd period - Goal by Evander Kane - Maple Leafs : 2 - Oilers : 1.
0:09 of 2nd period - Ryan Nugent-Hopkins wins face-off versus Brayden Schenn in neutral zone.
0:24 of 2nd period - Snap shot by Matt Duchene.
0:24 of 2nd period - Shot Misses the Net.
0:26 of 2nd period - Slapshot by Jon Merrill.
0:26 of 2nd period - Shot Blocked by Ryan Nugent-Hopkins.
0:45 of 2nd period - Snap shot by Leon Draisaitl.
0:45 of 2nd period - Deflect By Connor McDavid.
0:45 of 2nd period - Stopped by Martin Jones with a rebound.
0:47 of 2nd period - Snap shot by Jake Gardiner.
0:47 of 2nd period - Stopped by Martin Jones without a rebound.
0:48 of 2nd period - Brayden Schenn wins face-off versus Connor McDavid in Maple Leafs zone.
0:53 of 2nd period - Cam Barker is hit by Matt Duchene and loses puck.
1:02 of 2nd period - Wrist shot by Matt Duchene.
1:02 of 2nd period - Stopped by James Reimer with a rebound.
1:15 of 2nd period - Minor Penalty to Andre Burakovsky for Roughing.
1:16 of 2nd period - Brayden Schenn wins face-off versus Connor McDavid in Maple Leafs zone.
1:31 of 2nd period - Slapshot by Connor McDavid.
1:31 of 2nd period - Stopped by Martin Jones without a rebound.
1:32 of 2nd period - Brayden Schenn wins face-off versus Connor McDavid in Maple Leafs zone.
1:41 of 2nd period - Wrist shot by Evander Kane.
1:41 of 2nd period - Shot Blocked by Jake Gardiner.
1:43 of 2nd period - Slapshot by Jon Merrill.
1:43 of 2nd period - Stopped by James Reimer with a rebound.
1:45 of 2nd period - Slapshot by Jon Merrill.
1:45 of 2nd period - Stopped by James Reimer without a rebound.
1:46 of 2nd period - Leon Draisaitl wins face-off versus Brayden Schenn in Oilers zone.
3:15 of 2nd period - Penalty to Andre Burakovsky is over, Andre Burakovsky is back on ice.
4:16 of 2nd period - Mark Stone is hit by Brad Boyes and loses puck.
5:10 of 2nd period - Brett Pesce is hit by Ryan Getzlaf and loses puck.
5:29 of 2nd period - Nick Bjugstad is hit by Jason Zucker and loses puck.
6:12 of 2nd period - Snap shot by Tye McGinn.
6:12 of 2nd period - Deflect By Bo Horvat.
6:12 of 2nd period - Stopped by James Reimer with a rebound.
6:14 of 2nd period - Snap shot by John Klingberg.
6:14 of 2nd period - Stopped by James Reimer without a rebound.
6:15 of 2nd period - Elias Pettersson wins face-off versus James Neal in Oilers zone.
6:16 of 2nd period - Snap shot by Jason Zucker.
6:16 of 2nd period - Stopped by James Reimer with a rebound.
6:19 of 2nd period - Icing by Mark Stone.
6:20 of 2nd period - Ryan Getzlaf wins face-off versus Elias Pettersson in Oilers zone.
6:57 of 2nd period - Wrist shot by Jason Zucker.
6:57 of 2nd period - Shot Blocked by Jake Gardiner.
7:07 of 2nd period - Wrist shot by Elias Pettersson.
7:07 of 2nd period - Stopped by James Reimer without a rebound.
7:08 of 2nd period - Ryan Nugent-Hopkins wins face-off versus Brayden Schenn in Oilers zone.
7:13 of 2nd period - Slapshot by Dalton Prout.
7:13 of 2nd period - Stopped by Martin Jones with a rebound.
7:15 of 2nd period - Snap shot by David Pastrnak.
7:15 of 2nd period - Stopped by Martin Jones with a rebound.
7:17 of 2nd period - Slapshot by Dalton Prout.
7:17 of 2nd period - Stopped by Martin Jones with a rebound.
7:19 of 2nd period - Slapshot by Dalton Prout.
7:19 of 2nd period - Goal by Dalton Prout - Maple Leafs : 2 - Oilers : 2.
7:20 of 2nd period - Brayden Schenn wins face-off versus Ryan Nugent-Hopkins in neutral zone.
7:47 of 2nd period - Slapshot by Ryan Getzlaf.
7:47 of 2nd period - Deflect By Evander Kane.
7:47 of 2nd period - Goal by Ryan Getzlaf - Maple Leafs : 2 - Oilers : 3.
7:48 of 2nd period - Ryan Nugent-Hopkins wins face-off versus Brayden Schenn in neutral zone.
9:02 of 2nd period - Slapshot by Connor McDavid.
9:02 of 2nd period - Stopped by Martin Jones without a rebound.
9:03 of 2nd period - Ryan Nugent-Hopkins wins face-off versus Brayden Schenn in Maple Leafs zone.
9:06 of 2nd period - Wrist shot by David Pastrnak.
9:06 of 2nd period - Shot Misses the Net.
9:08 of 2nd period - Wrist shot by Claude Giroux.
9:08 of 2nd period - Stopped by Martin Jones without a rebound.
9:09 of 2nd period - Ryan Nugent-Hopkins wins face-off versus Brayden Schenn in Maple Leafs zone.
9:59 of 2nd period - Brett Pesce is hit by Cam Barker and loses puck.
11:34 of 2nd period - Wrist shot by Brad Boyes.
11:34 of 2nd period - Shot Misses the Net.
11:48 of 2nd period - Snap shot by Brandon Saad.
11:48 of 2nd period - Goal by Brandon Saad - Maple Leafs : 3 - Oilers : 3.
11:49 of 2nd period - David Pastrnak wins face-off versus Brayden Schenn in neutral zone.
12:02 of 2nd period - Slapshot by Claude Giroux.
12:02 of 2nd period - Goal by Claude Giroux - Maple Leafs : 3 - Oilers : 4.
12:03 of 2nd period - Ryan Nugent-Hopkins wins face-off versus Brayden Schenn in neutral zone.
12:09 of 2nd period - Minor Penalty to Brayden Schenn for Holding.
12:10 of 2nd period - Andre Burakovsky wins face-off versus Leon Draisaitl in Maple Leafs zone.
12:21 of 2nd period - Backhand shot by Brady Skjei.
12:21 of 2nd period - Stopped by Martin Jones with a rebound.
12:23 of 2nd period - Snap shot by David Pastrnak.
12:23 of 2nd period - Goal by David Pastrnak - Maple Leafs : 3 - Oilers : 5.
12:23 of 2nd period - Kristers Gudlevskis enters game.
12:24 of 2nd period - Brayden Schenn wins face-off versus David Pastrnak in neutral zone.
14:01 of 2nd period - Wrist shot by Matt Duchene.
14:01 of 2nd period - Stopped by James Reimer without a rebound.
14:02 of 2nd period - Brayden Schenn wins face-off versus Connor McDavid in Oilers zone.
14:03 of 2nd period - Wrist shot by Matt Duchene.
14:03 of 2nd period - Stopped by James Reimer without a rebound.
14:04 of 2nd period - Connor McDavid wins face-off versus Brayden Schenn in Oilers zone.
14:09 of 2nd period - Backhand shot by Leon Draisaitl.
14:09 of 2nd period - Shot Blocked by Matt Duchene.
14:35 of 2nd period - Bo Horvat is hit by Claude Giroux and loses puck.
14:44 of 2nd period - Claude Giroux is hit by Tye McGinn and loses puck.
15:35 of 2nd period - Slapshot by Tobias Enstrom.
15:35 of 2nd period - Shot Misses the Net.
15:37 of 2nd period - Wrist shot by Connor McDavid.
15:37 of 2nd period - Stopped by Kristers Gudlevskis without a rebound.
15:38 of 2nd period - Connor McDavid wins face-off versus Brayden Schenn in Maple Leafs zone.
15:45 of 2nd period - Snap shot by Connor McDavid.
15:45 of 2nd period - Deflect By Nick Bjugstad.
15:45 of 2nd period - Shot Misses the Net.
15:45 of 2nd period - Puck is out of play.
15:46 of 2nd period - Brayden Schenn wins face-off versus Ryan Nugent-Hopkins in Maple Leafs zone.
16:13 of 2nd period - Slapshot by Andre Burakovsky.
16:13 of 2nd period - Stopped by James Reimer without a rebound.
16:14 of 2nd period - Bo Horvat wins face-off versus Connor McDavid in Oilers zone.
16:14 of 2nd period - Bo Horvat is hit by Nick Bjugstad.
16:24 of 2nd period - Dalton Prout is hit by Zach Werenski and loses puck.
16:29 of 2nd period - Wrist shot by Andre Burakovsky.
16:29 of 2nd period - Shot Misses the Net.
16:31 of 2nd period - Wrist shot by Bo Horvat.
16:31 of 2nd period - Goal by Bo Horvat - Maple Leafs : 4 - Oilers : 5.
16:32 of 2nd period - Ryan Nugent-Hopkins wins face-off versus Brayden Schenn in neutral zone.
16:41 of 2nd period - Wrist shot by Ryan Nugent-Hopkins.
16:41 of 2nd period - Goal by Ryan Nugent-Hopkins - Maple Leafs : 4 - Oilers : 6.
16:42 of 2nd period - Brayden Schenn wins face-off versus Ryan Nugent-Hopkins in neutral zone.
16:46 of 2nd period - John Klingberg is hit by Jake Gardiner and loses puck.
16:59 of 2nd period - Snap shot by Matt Duchene.
16:59 of 2nd period - Shot Blocked by Brady Skjei.
17:20 of 2nd period - Brady Skjei is hit by Andre Burakovsky and loses puck.
17:57 of 2nd period - Snap shot by Dennis Everberg.
17:57 of 2nd period - Shot Misses the Net.
17:59 of 2nd period - Wrist shot by Dennis Everberg.
17:59 of 2nd period - Goal by Dennis Everberg - Maple Leafs : 4 - Oilers : 7.
18:00 of 2nd period - Brayden Schenn wins face-off versus Ryan Nugent-Hopkins in neutral zone.
18:15 of 2nd period - Snap shot by Claude Giroux.
18:15 of 2nd period - Shot Misses the Net.
18:27 of 2nd period - Jon Merrill is hit by Connor McDavid and loses puck.
18:50 of 2nd period - Snap shot by James Neal.
18:50 of 2nd period - Shot Blocked by Elias Pettersson.
Goals for this period are 3 for Maple Leafs vs 6 for Oilers.
Shots for this period are 13 for Maple Leafs vs 16 for Oilers.
3rd period
0:01 of 3rd period - Brayden Schenn wins face-off versus Ryan Nugent-Hopkins in neutral zone.
2:03 of 3rd period - Wrist shot by Andre Burakovsky.
2:03 of 3rd period - Deflect By Nick Bjugstad.
2:03 of 3rd period - Stopped by James Reimer with a rebound.
2:49 of 3rd period - Slapshot by Peter Mueller.
2:49 of 3rd period - Shot Blocked by Brett Pesce.
3:26 of 3rd period - Wrist shot by Matt Duchene.
3:26 of 3rd period - Stopped by James Reimer without a rebound.
3:27 of 3rd period - Brayden Schenn wins face-off versus Ryan Nugent-Hopkins in Oilers zone.
3:42 of 3rd period - Snap shot by Matt Duchene.
3:42 of 3rd period - Shot Misses the Net.
3:57 of 3rd period - Minor Penalty to Bo Horvat for Holding.
3:58 of 3rd period - Connor McDavid wins face-off versus Brayden Schenn in Maple Leafs zone.
4:30 of 3rd period - Wrist shot by Ryan Nugent-Hopkins.
4:30 of 3rd period - Stopped by Kristers Gudlevskis with a rebound.
5:57 of 3rd period - Penalty to Bo Horvat is over, Bo Horvat is back on ice.
5:58 of 3rd period - Dalton Prout is hit by Bo Horvat and loses puck.
6:12 of 3rd period - Off-side.
6:13 of 3rd period - Ryan Getzlaf wins face-off versus Patrice Cormier in neutral zone.
6:57 of 3rd period - Wrist shot by Bo Horvat.
6:57 of 3rd period - Shot Blocked by Tobias Enstrom.
7:37 of 3rd period - Slapshot by John Klingberg.
7:37 of 3rd period - Shot Blocked by Cam Barker.
7:48 of 3rd period - Slapshot by Pontus Aberg.
7:48 of 3rd period - Shot Misses the Net.
8:02 of 3rd period - Slapshot by Elias Pettersson.
8:02 of 3rd period - Stopped by James Reimer without a rebound.
8:03 of 3rd period - Ryan Nugent-Hopkins wins face-off versus Elias Pettersson in Oilers zone.
8:11 of 3rd period - Minor Penalty to Elias Pettersson for Hooking.
8:12 of 3rd period - Connor McDavid wins face-off versus Brayden Schenn in Maple Leafs zone.
8:44 of 3rd period - Slapshot by Brady Skjei.
8:44 of 3rd period - Stopped by Kristers Gudlevskis without a rebound.
8:45 of 3rd period - Bo Horvat wins face-off versus Connor McDavid in Maple Leafs zone.
8:45 of 3rd period - Bo Horvat is hit by Cam Barker.
9:37 of 3rd period - Cam Barker is hit by Andre Burakovsky and loses puck.
10:11 of 3rd period - Penalty to Elias Pettersson is over, Elias Pettersson is back on ice.
10:22 of 3rd period - Ryan Getzlaf is hit by Jon Merrill and loses puck.
12:15 of 3rd period - Slapshot by Dalton Prout.
12:15 of 3rd period - Deflect By John Klingberg.
12:15 of 3rd period - Stopped by Kristers Gudlevskis with a rebound.
12:40 of 3rd period - Pontus Aberg is hit by David Pastrnak and loses puck.
12:45 of 3rd period - Wrist shot by Claude Giroux.
12:45 of 3rd period - Stopped by Kristers Gudlevskis without a rebound.
12:46 of 3rd period - Brayden Schenn wins face-off versus Connor McDavid in Maple Leafs zone.
12:46 of 3rd period - Brayden Schenn is hit by Leon Draisaitl.
13:23 of 3rd period - Brady Skjei is hit by Andre Burakovsky and loses puck.
14:21 of 3rd period - Off-side.
14:22 of 3rd period - David Pastrnak wins face-off versus Andre Burakovsky in neutral zone.
14:29 of 3rd period - Snap shot by Claude Giroux.
14:29 of 3rd period - Stopped by Kristers Gudlevskis with a rebound.
14:31 of 3rd period - Slapshot by Trevor Daley.
14:31 of 3rd period - Shot Misses the Net.
14:52 of 3rd period - Wrist shot by Matt Duchene.
14:52 of 3rd period - Deflect By Brayden Schenn.
14:52 of 3rd period - Shot Blocked by Tobias Enstrom.
14:52 of 3rd period - Puck is out of play.
14:53 of 3rd period - Nick Bjugstad wins face-off versus Brayden Schenn in Oilers zone.
15:45 of 3rd period - Nick Bjugstad is hit by Evander Kane and loses puck.
16:08 of 3rd period - Snap shot by Brayden Schenn.
16:08 of 3rd period - Stopped by James Reimer with a rebound.
16:10 of 3rd period - Wrist shot by Matt Duchene.
16:10 of 3rd period - Stopped by James Reimer without a rebound.
16:11 of 3rd period - Bo Horvat wins face-off versus Ryan Nugent-Hopkins in Oilers zone.
16:26 of 3rd period - Wrist shot by Claude Giroux.
16:26 of 3rd period - Shot Blocked by Luke Schenn.
16:28 of 3rd period - Snap shot by Claude Giroux.
16:28 of 3rd period - Shot Blocked by Bo Horvat.
16:38 of 3rd period - Zach Werenski is hit by Brady Skjei and loses puck.
17:25 of 3rd period - Off-side.
17:26 of 3rd period - Bo Horvat wins face-off versus Ryan Nugent-Hopkins in neutral zone.
17:57 of 3rd period - Slapshot by Mark Stone.
17:57 of 3rd period - Stopped by Kristers Gudlevskis without a rebound.
17:58 of 3rd period - Ryan Getzlaf wins face-off versus Brayden Schenn in Maple Leafs zone.
18:05 of 3rd period - Wrist shot by James Neal.
18:05 of 3rd period - Stopped by Kristers Gudlevskis without a rebound.
18:06 of 3rd period - Brayden Schenn wins face-off versus Ryan Nugent-Hopkins in Maple Leafs zone.
18:23 of 3rd period - Snap shot by Brayden Schenn.
18:23 of 3rd period - Stopped by James Reimer with a rebound.
19:09 of 3rd period - Wrist shot by Matt Duchene.
19:09 of 3rd period - Stopped by James Reimer with a rebound.
19:15 of 3rd period - Snap shot by Brayden Schenn.
19:15 of 3rd period - Stopped by James Reimer with a rebound.
19:17 of 3rd period - Wrist shot by Brayden Schenn.
19:17 of 3rd period - Stopped by James Reimer with a rebound.
19:21 of 3rd period - Wrist shot by Matt Duchene.
19:21 of 3rd period - Stopped by James Reimer with a rebound.
19:23 of 3rd period - Snap shot by Matt Duchene.
19:23 of 3rd period - Stopped by James Reimer with a rebound.
19:25 of 3rd period - Wrist shot by Evander Kane.
19:25 of 3rd period - Stopped by James Reimer with a rebound.
19:29 of 3rd period - Slapshot by Zach Werenski.
19:29 of 3rd period - Stopped by James Reimer without a rebound.
19:30 of 3rd period - Bo Horvat wins face-off versus Connor McDavid in Oilers zone.
Goals for this period are 0 for Maple Leafs vs 0 for Oilers.
Shots for this period are 13 for Maple Leafs vs 7 for Oilers.